Map: Vallée des cactus EC

Players

AgCl - Winner!

  • Race: Protoss Protoss
  • League: Grandmaster

HolmanE

  • Race: Terran Terran
  • League: Grandmaster

VOD

Have the link to the VOD?

Description

Time

  • Played on: June 19, 2015, 10:36 p.m.
  • Length: 11:19
Show
View Real Time Build Order
Export as new Build Order

AgCl Protoss - Winner!

Build Orders: Oracle Opening, Carrier Rush 

Get SALT Encoding   

  12  0:22  Probe  
  12  0:26  Assimilator  
  13  0:31  Pylon  
  13  0:34  Probe  
  14  0:49  Probe  
  15  1:01  Probe (Chrono Boost)  
  16  1:07  Gateway  
  16  1:11  Probe (Chrono Boost)  
  17  1:18  Probe  
  18  1:30  Probe  
  19  1:42  Probe  
  20  1:47  Assimilator  
  20  1:49  Pylon  
  20  1:57  Zealot (Chrono Boost)  
  22  2:05  Nexus  
  22  2:15  Cybernetics Core  
  22  2:23  Probe  
  23  2:35  Probe  
  24  2:40  Pylon  
  24  2:47  Probe (Chrono Boost)  
  25  2:57  Stargate  
  26  2:59  Probe (Chrono Boost)  
  26  3:01  Warp Gate  
  26  3:07  Probe (Chrono Boost)  
  27  3:16  Probe (Chrono Boost)  
  27  3:17  Probe (Chrono Boost)  
  29  3:27  Probe x2 (Chrono Boost)  
  31  3:33  Assimilator  
  31  3:34  Mothership Core (Chrono Boost)  
  34  3:39  Probe (Chrono Boost)  
  34  3:41  Oracle (Chrono Boost)  
  37  3:48  Probe (Chrono Boost)  
  38  3:49  Probe (Chrono Boost)  
  39  3:58  Fleet Beacon, Probe  
  39  4:01  Pylon  
  40  4:07  Probe  
  41  4:10  Probe  
  42  4:22  Probe x2 (Chrono Boost)  
  44  4:25  Assimilator  
  44  4:30  Carrier (Chrono Boost)  
  46  4:33  Probe (Chrono Boost)  
  46  4:35  Probe (Chrono Boost)  
  46  4:39  Probe (Chrono Boost)  
  48  4:46  Probe (Chrono Boost)  
  48  4:51  Probe (Chrono Boost)  
  52  4:54  Graviton Catapult  
  52  4:59  Probe x2 (Chrono Boost)  
  54  5:05  Forge  
  54  5:08  Probe (Chrono Boost)  
  54  5:13  Probe (Chrono Boost)  
  56  5:17  Probe (Chrono Boost)  
  58  5:21  Probe (Chrono Boost)  
  58  5:25  Probe  
  59  5:32  Nexus  
  59  5:35  Protoss Air Weapons Level 1 (Chrono Boost)  
  59  5:38  Probe  
  60  5:49  Photon Cannon  
  60  5:51  Carrier (Chrono Boost)  
  60  5:55  Pylon  
  60  5:59  Pylon  
  60  6:01  Pylon  
  60  6:10  Gateway  
  60  6:12  Pylon  
  60  6:13  Probe x2  
  68  6:19  Stargate  
  68  6:22  Pylon  
  68  6:25  Twilight Council, Probe x2  
  68  6:37  Photon Cannon  
  68  6:38  Pylon  
  68  6:45  Probe  
  68  6:46  Carrier (Chrono Boost)  
  69  6:48  Carrier (Chrono Boost), Assimilator  
  69  6:50  Photon Cannon  
  69  6:58  Probe (Chrono Boost)  
  72  7:05  Probe x2 (Chrono Boost)  
  79  7:08  Probe (Chrono Boost)  
  79  7:12  Pylon  
  85  7:22  Templar Archives  
  86  7:25  Protoss Air Weapons Level 2 (Chrono Boost)  
  86  7:27  Probe  
  86  7:28  Probe  
  86  7:29  Pylon  
  87  7:31  Probe  
  87  7:34  Zealot  
  90  7:39  Probe  
  90  7:41  Carrier (Chrono Boost)  
  91  7:48  Gateway, Adept, Assimilator  
  91  7:49  Gateway  
  93  7:57  Adept  
  101  8:11  Carrier (Chrono Boost)  
  89  8:20  Psionic Storm  
  95  8:27  Mothership Core (Chrono Boost)  
  95  8:30  Adept  
  95  8:31  Adept  
  95  8:34  Pylon  
  101  8:39  Carrier (Chrono Boost)  
  101  8:53  Probe  
  102  8:55  Robotics Facility  
  102  8:56  Pylon  
  102  8:58  Pylon  
  102  9:01  Stargate  
  102  9:02  Probe  
  107  9:19  Adept x4  
  107  9:20  Carrier (Chrono Boost)  
  103  9:34  Carrier (Chrono Boost)  
  103  9:43  Adept  
  115  10:01  Adept x2  
  115  10:02  Adept  
  121  10:11  Observer  
  122  10:18  High Templar  
  124  10:32  Observer  
  113  10:37  High Templar  
  113  10:38  High Templar  
  107  10:55  Archon  
  107  11:01  Adept x2  
Show
View Real Time Build Order
Export as new Build Order

HolmanE Terran 

Build Orders: MMM Bio 

Get SALT Encoding   

  12  0:03  SCV  
  13  0:15  SCV  
  13  0:19  Supply Depot  
  14  0:27  SCV  
  15  0:40  SCV  
  16  0:44  Barracks  
  16  0:52  SCV  
  17  1:04  SCV  
  18  1:15  Command Center  
  18  1:17  SCV  
  19  1:26  Refinery  
  19  1:30  SCV  
  20  1:34  Marine  
  21  1:41  Bunker  
  21  1:47  Orbital Command  
  21  1:52  Marine  
  22  2:13  SCV  
  23  2:20  Supply Depot  
  23  2:26  Factory  
  23  2:27  SCV  
  23  2:29  Supply Depot  
  24  2:33  Barracks  
  24  2:39  Orbital Command  
  24  2:46  SCV  
  25  2:55  Barracks Tech Lab  
  25  2:57  Engineering Bay  
  25  2:58  SCV  
  26  3:08  SCV  
  26  3:10  SCV  
  28  3:14  Starport  
  28  3:18  Marine  
  29  3:20  SCV  
  29  3:22  SCV  
  31  3:32  Barracks Reactor  
  31  3:35  SCV x2  
  31  3:36  Refinery  
  33  3:44  Marine  
  33  3:47  SCV  
  35  3:50  Command Center  
  35  3:53  Starport Reactor  
  35  3:59  SCV  
  35  4:02  Marine  
  37  4:08  Missile Turret  
  37  4:12  Missile Turret  
  37  4:13  Missile Turret  
  37  4:14  SCV x2  
  37  4:15  Missile Turret  
  38  4:17  Missile Turret  
  38  4:18  Refinery  
  38  4:23  Marine x2  
  40  4:26  SCV x2  
  40  4:29  Stimpack  
  42  4:38  SCV  
  42  4:55  Supply Depot  
  42  4:57  Marine x2, Medivac x2  
  42  4:58  Supply Depot  
  48  5:02  Marine  
  48  5:03  Barracks x2  
  49  5:07  Refinery  
  49  5:12  Orbital Command  
  49  5:15  SCV x2  
  49  5:19  Terran Infantry Weapons Level 1  
  49  5:20  Marine x2  
  53  5:33  Medivac x2  
  57  5:36  SCV x2  
  57  5:37  Marine  
  57  5:38  Marine x2  
  57  5:42  Orbital Command  
  63  5:48  SCV x2  
  64  5:57  Barracks Reactor  
  64  6:05  Marine x2, Medivac x2  
  64  6:06  Barracks Reactor  
  64  6:09  Barracks  
  70  6:13  Command Center  
  70  6:15  Armory, SCV  
  70  6:16  SCV  
  72  6:27  SCV  
  63  6:35  Marine x2  
  63  6:38  Marine x2  
  63  6:39  SCV, Medivac x2  
  72  6:40  SCV x2  
  72  6:46  Marine x3  
  77  6:49  Combat Shields  
  77  6:53  Marine x2  
  79  6:58  Engineering Bay  
  79  7:01  Supply Depot x2  
  79  7:03  SCV x3  
  79  7:05  Marine x3  
  85  7:17  Supply Depot  
  85  7:19  Terran Infantry Armor Level 1  
  85  7:20  Liberator x2  
  85  7:22  SCV x2, Marine x3  
  90  7:23  Marine x3  
  90  7:24  Supply Depot  
  93  7:34  Marine  
  94  7:40  Marine x4  
  94  7:41  Marine x2  
  94  7:43  SCV x2  
  108  7:47  SCV  
  108  7:48  Orbital Command  
  107  7:52  Marine  
  107  7:55  SCV x2  
  107  7:57  Marine x2  
  108  7:58  Marine  
  108  7:59  Barracks Reactor  
  87  8:21  Marine  
  87  8:22  Marine x6  
  87  8:24  SCV x3  
  88  8:27  Barracks  
  88  8:29  Barracks  
  88  8:31  Refinery, Barracks  
  88  8:32  Refinery  
  88  8:34  Command Center  
  86  8:35  Barracks x2  
  86  8:36  Medivac x2  
  86  8:39  Marine  
  89  8:48  Marine x3  
  83  8:49  Marine x5  
  83  8:52  Barracks  
  90  8:57  Marine  
  91  9:06  Marine x2  
  87  9:19  Marine x2  
  87  9:20  Marine x8  
  81  9:35  Marine  
  81  9:36  Marine  
  81  9:37  Marine  
  76  9:46  Marine  
  76  9:47  Marine x8  
  84  9:53  Marine  
  84  9:54  Marine  
  81  10:05  Marine x2  
  81  10:06  Marine x8  
  85  10:11  Marine  
  85  10:12  Marine  
  74  10:21  Medivac  
  74  10:22  Medivac  
  74  10:23  SCV x2, Marine x2  
  74  10:24  Marine x4  
Tags
 
Add a new tag
Caveats
  • Supply blocks, unpowered buildings, or Contaminate may cause inaccurate times.
  • Supply counts are checked every 10 seconds.